 Dungeon Crawl Stone Soup version 0.19.0-11-g3fc08b3 (webtiles) character file.

388 emikaela the Sneak (level 6, -13/49 HPs)
             Began as a Vampire Abyssal Knight on Nov 9, 2016.
             Was a Believer of Lugonu.
             Shot with an arrow by a centaur (17 damage)
             ... on level 4 of the Dungeon.
             The game lasted 00:10:33 (3547 turns).

emikaela the Sneak (Vampire Abyssal Knight)         Turns: 3547, Time: 00:10:34

Health: -13/49     AC:  3    Str: 13    XL:     6   Next: 49%
Magic:  6/7        EV: 13    Int: 14    God:    Lugonu [**....]
Gold:   162        SH:  0    Dex: 16    Spells: 0 memorised, 5 levels left

rFire  . . .     SeeInvis +     o - +0 dagger (venom)
rCold  . . .     Gourm    .     r - +0 robe (curse)
rNeg   + . .     Faith    .     (no shield)
rPois  .         Spirit   .     (no helmet)
rElec  .         Reflect  .     (no cloak)
rCorr  .         Harm     .     (no gloves)
MR     .....                    p - +0 pair of boots (curse)
Stlth  +++.......               (no amulet)
                                (no ring)
                                x - +2 ring of strength

@: no status effects
A: fangs 3, see invisible, unbreathing
a: Bat Form, Depart the Abyss, Bend Space, Renounce Religion


You were on level 4 of the Dungeon.
You worshipped Lugonu.
Lugonu was pleased with you.
You were not thirsty.

You visited 1 branch of the dungeon, and saw 4 of its levels.
You visited the Abyss 1 time.
You also visited: Sewer.

You collected 162 gold pieces.

Inventory:

Hand Weapons
 a - a +1 falchion
 o - a +0 dagger of venom (weapon)
 q - a +0 hunting sling
Missiles
 f - 16 poisoned needles
 i - 42 sling bullets
 k - 48 arrows
 m - 39 bolts
 n - 74 stones (quivered)
 v - 6 javelins
Armour
 b - a +0 leather armour
 p - a cursed +0 pair of boots (worn)
 r - a cursed +0 robe (worn)
Jewellery
 x - a +2 ring of strength (left hand)
Scrolls
 d - a scroll of blinking {unknown}
 e - 3 scrolls of teleportation {unknown}
 g - 2 scrolls of noise {unknown}
 h - 2 scrolls of identify {unknown}
 j - a scroll of amnesia {unknown}
 t - a scroll of random uselessness {unknown}
 u - a scroll of recharging {unknown}
 w - 2 scrolls of fog {unknown}
 y - a scroll of remove curse {unknown}
 B - a scroll of fear {unknown}
 D - a scroll of silence {unknown}
Potions
 c - 9 potions of blood
 l - 3 potions of degeneration {unknown}
 s - a potion of flight {unknown}
 z - a potion of curing {unknown}
 A - 3 potions of invisibility {unknown}
 C - 2 potions of heal wounds {unknown}


   Skills:
 * Level 4.4 Fighting
 + Level 2.9(3.7) Short Blades
 - Level 3.0(3.5) Long Blades
 - Level 0.7 Armour
 - Level 2.1 Dodging
 + Level 6.0 Stealth
 - Level 1.5 Invocations


You had 5 spell levels left.
You didn't know any spells.

Dungeon Overview and Level Annotations

Branches:
Dungeon (4/15)
 Temple: D:4-7

Altars:
Fedhas
Gozag

Annotations:
D:2 1 runed door
D:3 OvidiusNaso's ghost, amateur HuCj; Sigmund


Innate Abilities, Weirdness & Mutations

You have razor-sharp teeth.
You have supernaturally acute eyesight. (SInv)
You can survive without breathing.


Message History

The centaur is moderately wounded.
The centaur hits you.
You are too injured to fight recklessly!
You hit the centaur but do no damage.
The centaur is moderately wounded.
The centaur hits you!
You hit the centaur but do no damage. You bite the centaur.
The centaur is heavily wounded.
The centaur closely misses you.
You hit the centaur.
The centaur looks as sick as possible!
The centaur is severely wounded.
The centaur barely misses you. x2
You closely miss the centaur. You bite the centaur, but do no damage.
The centaur is severely wounded.
The centaur hits you!
* * * LOW HITPOINT WARNING * * *
Space bends around you!
You blink.
* * * LOW HITPOINT WARNING * * *
The centaur wields a shortbow.
The centaur shoots an arrow.
The arrow hits you!
You die...

.# #............# .#
#.######.###># .# ####.######.#
#.# .# #$....).....# #.#
.#########.##.#####..# #.#
........##.###!§..#..############
######...#...PPPc.##.÷≈≈≈≈≈≈≈≈≈..
#####.......PP.....#..≈≈≈≈.≈≈≈≈..
.........#.PP_PP@#.##.≈≈≈≈≈≈≈≈≈..
#####......PPP.P.#.##############
##...#..PPPP.. . #.#
##.##.....$.#### #.# #.## #######
#.# #.# #.# #.# #.# #.# #.# #.#
###########.#


You could see a centaur.

Vanquished Creatures
  Purgy (Sewer)
  An ogre (D:4)
  Ijyb (D:1)
  Natasha (twice) (D:3)
  A worker ant (D:4)
  2 adders (D:2)
  An ooze (D:3)
  3 worms
  A dart slug (D:4)
  4 leopard geckos (D:4)
  An orc (D:4)
  A ball python (D:3)
  12 giant cockroaches
  5 goblins
  6 hobgoblins
  10 kobolds
  2 quokkas
  5 bats
  5 frilled lizards
  5 rats
  A fungus (D:2)
70 creatures vanquished.

Notes
Turn   | Place    | Note
-------+----------+-------------------------------------------
     0 | Abyss:1  | emikaela the Vampire Abyssal Knight began the quest for the Orb.
     0 | Abyss:1  | Reached XP level 1. HP: 17/17 MP: 2/2
    72 | Abyss:1  | Noticed a hell hog
    72 | D:1      | Escaped the Abyss
   203 | D:1      | Reached skill level 1 in Stealth
   546 | D:1      | Reached XP level 2. HP: 23/23 MP: 3/3
   590 | D:1      | Reached * piety under Lugonu
   669 | D:2      | Reached skill level 2 in Stealth
   696 | D:2      | Noticed Ijyb
   736 | D:1      | Killed Ijyb
   736 | D:1      | Reached skill level 3 in Stealth
   736 | D:1      | Reached XP level 3. HP: 19/29 MP: 4/4
  1170 | D:2      | Reached XP level 4. HP: 35/35 MP: 5/5
  1998 | D:2      | Found a faded altar of an unknown god.
  1998 | D:2      | Found a faded altar of an unknown god.
  2018 | D:2      | Found a faded altar of an unknown god.
  2020 | D:2      | Found a faded altar of an unknown god.
  2021 | D:2      | Found an opulent altar of Gozag.
  2135 | D:2      | Found a runed door.
  2175 | D:3      | Noticed Natasha
  2181 | D:3      | Killed Natasha
  2181 | D:3      | Reached skill level 4 in Stealth
  2197 | D:3      | Reached ** piety under Lugonu
  2223 | D:3      | Noticed Natasha
  2445 | D:3      | Killed Natasha
  2445 | D:3      | Reached skill level 1 in Short Blades
  2445 | D:3      | Reached XP level 5. HP: 23/42 MP: 6/6
  2452 | D:3      | Noticed OvidiusNaso's ghost (amateur HuCj)
  2857 | D:3      | Noticed Sigmund
  2908 | D:4      | Found a blossoming altar of Fedhas.
  2909 | D:4      | Noticed a centaur
  2909 | D:4      | Noticed an ogre
  3046 | D:4      | Killed an ogre
  3046 | D:4      | Reached skill level 5 in Stealth
  3143 | D:4      | Reached XP level 6. HP: 47/48 MP: 7/7
  3159 | D:4      | Found a glowing drain.
  3200 | Sewer    | Entered a sewer
  3316 | Sewer    | Noticed Purgy
  3386 | Sewer    | Killed Purgy
  3427 | Sewer    | Reached skill level 6 in Stealth
  3547 | D:4      | Shot with an arrow by a centaur

Skill      XL: |  1  2  3  4  5  6 |
---------------+-------------------+-----
Stealth        | 1 3 4 5 6 |  6.0
Fighting       | 3 4 |  4.4
Long Blades    | 3 |  3.0
Short Blades   | 1 2 |  2.9
Armour         | |  0.7
Dodging        | |  2.1
Invocations    | |  1.5

Action                   |  1- 3 |  4- 6 || total
-------------------------+-------+-------++-------
Melee: Falchion          |    93 |       ||    93
       Bite              |    12 |    19 ||    31
       Dagger            |     1 |   171 ||   172
Throw: Stone             |       |    43 ||    43
       Javelin           |       |     6 ||     6
       Throwing net      |       |     1 ||     1
Invok: Depart the Abyss  |     1 |       ||     1
       Bend Space        |       |     2 ||     2
  Use: Potion            |       |    11 ||    11
 Stab: Sleeping          |     2 |     6 ||     8
       Distracted        |       |     1 ||     1
       Held in net/web   |       |     1 ||     1
Armor: Leather armour    |    40 |       ||    40
       Robe              |       |    19 ||    19
Dodge: Dodged            |    86 |    92 ||   178
       Rpst.: Falchion   |    27 |       ||    27
